 Dungeon Crawl Stone Soup version 0.28.0-47-ge53b351184 (webtiles) character file.

Game seed: 17290230334169270955

303 DearestLeader the Shield-Bearer (level 6, 0/53 HPs)
             Began as a Gnoll Fighter on Apr 25, 2022.
             Succumbed to a scorpion's poison
             ... on level 4 of the Dungeon.
             The game lasted 00:03:29 (2546 turns).

DearestLeader the Shield-Bearer (Gnoll Fighter)     Turns: 2546, Time: 00:03:29

Health: 0/53       AC: 14    Str: 15 (17) XL:     6   Next: 38%
Magic:  8/8        EV:  5    Int:  5 (7)  God:
Gold:   149        SH:  5    Dex:  9 (12) Spells: 8/8 levels left

rFire   . . .      SeeInvis .   a - +1 war axe (vorpal)
rCold   . . .      Faith    .   c - +0 buckler
rNeg    . . .      Spirit   .   k - +0 plate armour
rPois   .          Reflect  .   l - +0 helmet
rElec   .          Harm     .   (no cloak)
rCorr   .          Rampage  .   (no gloves)
Will    .....                   (no boots)
Stlth   ..........              (no amulet)
HPRegen 0.17/turn               (no ring)
MPRegen 0.11/turn               (no ring)

@: lethally poisoned (0 -> -1), flying
A: fangs 1, strong nose, distributed training
a: no special abilities


You were on level 4 of the Dungeon.
You visited 1 branch of the dungeon, and saw 4 of its levels.

You collected 149 gold pieces.

Inventory:

Hand Weapons
 a - a +1 vorpal war axe (weapon)
 g - a +1 dagger of electrocution
Armour
 b - a +0 scale mail
 c - a +0 buckler (worn)
 k - a +0 plate armour (worn)
 l - a +0 helmet (worn)
Scrolls
 f - a scroll of teleportation
 i - 2 scrolls of blinking
 j - a scroll of fear
 m - a scroll of magic mapping
Potions
 d - a potion of attraction
 e - a potion of might


   Skills:
 + Level 6.8 Fighting
 + Level 1.9 Short Blades
 + Level 1.9 Long Blades
 + Level 5.0 Axes
 + Level 1.9 Maces & Flails
 + Level 1.9 Polearms
 + Level 1.9 Staves
 + Level 1.9 Slings
 + Level 1.9 Bows
 + Level 1.9 Crossbows
 + Level 1.9 Throwing
 + Level 6.8 Armour
 + Level 1.9 Dodging
 + Level 1.9 Stealth
 + Level 6.8 Shields
 + Level 1.9 Unarmed Combat
 + Level 1.9 Spellcasting
 + Level 1.5 Conjurations
 + Level 1.5 Hexes
 + Level 1.5 Summonings
 + Level 1.5 Necromancy
 + Level 1.5 Translocations
 + Level 1.5 Transmutations
 + Level 1.5 Fire Magic
 + Level 1.5 Ice Magic
 + Level 1.5 Air Magic
 + Level 1.5 Earth Magic
 + Level 1.5 Poison Magic
 + Level 2.1 Invocations
 + Level 1.9 Evocations


You had 8 spell levels left.
You didn't know any spells.
Your spell library was empty.

Dungeon Overview and Level Annotations

Branches:
Dungeon (4/15)
 Temple: D:4-7

Altars:
Kikubaaqudgha
Xom
Beogh


Innate Abilities, Weirdness & Mutations

You have very sharp teeth.
Your uncanny sense of smell can sniff out nearby items.
Your experience applies equally to all skills.


Message History

* * * LOW HITPOINT WARNING * * *
You feel very sick.
Your Axes skill increases to level 5!
Unknown command.
It was a potion of degeneration.
There was something very wrong with that liquid.
You feel weakened.
You feel dopey.
You feel clumsy.
* * * LOW HITPOINT WARNING * * *
You feel very sick.
It was a potion of flight.
You feel very buoyant.
You fly up into the air.
* * * LOW HITPOINT WARNING * * *
You feel sick.
* * * LOW HITPOINT WARNING * * *
You feel sick.
* * * LOW HITPOINT WARNING * * *
You feel sick. 2 goblins, an ogre, a phantom and a gnoll come into view.
Found a club, 14 stones and 2 potions of might.
* * * LOW HITPOINT WARNING * * *
You feel sick.
The ogre shouts!
The gnoll shouts!
The goblin shouts!
You hear a shout!
You block the goblin's attack.
Unknown command.
You slash the goblin!
You kill the goblin!
* * * LOW HITPOINT WARNING * * *
You feel sick.
* * * LOW HITPOINT WARNING * * *
You feel sick. The gnoll barely misses you.
Things that are here:
a +0 dagger; a goblin corpse You slash the gnoll!
The gnoll is almost dead.
* * * LOW HITPOINT WARNING * * *
You feel sick.
The gnoll hits you but does no damage. x2
You barely miss the gnoll.
The gnoll is almost dead.
You die...

## .##... #!.
#.....#### (..#....
...#### ####
∆.g#....##.....##....
#O##...........>...
#W#...†........... ∆
#g##...?.........
#@#.....<.......
##.##.?.........
#.$.#)#...........
#.... ##......!..#.
#..................
#.#####......##..#(
#. ###.......... #
##..##. .#. #..# .. .


You could see a phantom, an ogre, a gnoll and a hobgoblin.

Vanquished Creatures
  An ogre (D:3)
  A scorpion (D:4)
  A hound skeleton (D:4)
  7 gnolls
  3 adders (D:3)
  2 dart slugs
  3 orcs (D:3)
  5 bats
  3 endoplasms
  A giant cockroach (D:3)
  3 goblins
  4 hobgoblins
  3 kobolds
  3 quokkas (D:3)
  4 ball pythons
  4 frilled lizards
  7 rats
55 creatures vanquished.

Notes
Turn   | Place    | Note
-------+----------+-------------------------------------------
     0 | D:1      | DearestLeader the Gnoll Fighter began the quest for the
                  | Orb.
     0 | D:1      | Reached XP level 1. HP: 23/23 MP: 1/1
    88 | D:1      | You fall into a shaft and drop 1 floor!
   158 | D:1      | Reached XP level 2. HP: 29/29 MP: 2/2
   166 | D:1      | Reached XP level 3. HP: 35/35 MP: 3/3
   734 | D:2      | Reached skill level 1 in Invocations
  1053 | D:2      | Reached skill level 1 in Short Blades
  1053 | D:2      | Reached skill level 1 in Long Blades
  1053 | D:2      | Reached skill level 1 in Maces & Flails
  1053 | D:2      | Reached skill level 1 in Polearms
  1053 | D:2      | Reached skill level 1 in Staves
  1053 | D:2      | Reached skill level 1 in Slings
  1053 | D:2      | Reached skill level 1 in Bows
  1053 | D:2      | Reached skill level 1 in Crossbows
  1053 | D:2      | Reached skill level 1 in Throwing
  1053 | D:2      | Reached skill level 1 in Dodging
  1053 | D:2      | Reached skill level 1 in Stealth
  1053 | D:2      | Reached skill level 1 in Unarmed Combat
  1053 | D:2      | Reached skill level 1 in Spellcasting
  1053 | D:2      | Reached skill level 1 in Evocations
  1484 | D:2      | Identified the +1 quarterstaff of Iniggoba {freeze, rCorr}
  1675 | D:3      | Reached XP level 4. HP: 28/41 MP: 5/5
  1687 | D:3      | Reached skill level 1 in Conjurations
  1687 | D:3      | Reached skill level 1 in Hexes
  1687 | D:3      | Reached skill level 1 in Summonings
  1687 | D:3      | Reached skill level 1 in Necromancy
  1687 | D:3      | Reached skill level 1 in Translocations
  1687 | D:3      | Reached skill level 1 in Transmutations
  1687 | D:3      | Reached skill level 1 in Fire Magic
  1687 | D:3      | Reached skill level 1 in Ice Magic
  1687 | D:3      | Reached skill level 1 in Air Magic
  1687 | D:3      | Reached skill level 1 in Earth Magic
  1687 | D:3      | Reached skill level 1 in Poison Magic
  1819 | D:3      | Noticed an ogre
  1820 | D:3      | Found a shimmering altar of Xom.
  1843 | D:3      | Reached XP level 5. HP: 46/47 MP: 6/6
  1845 | D:3      | Killed an ogre
  2009 | D:3      | Found an ancient bone altar of Kikubaaqudgha.
  2241 | D:3      | Reached XP level 6. HP: 47/53 MP: 8/8
  2353 | D:3      | Found a faded altar of an unknown god.
  2538 | D:4      | Reached skill level 5 in Axes
  2544 | D:4      | HP: 2/53 [poisoned by a scorpion]
  2546 | D:4      | Succumbed to a scorpion's poison

Illustrated notes

Levels and vault maps discovered:
D:1:      eino_arrival_cavern_b, layout_loops_cross
D:2:      layout_basic
D:3:      layout_basic, xom_confusion_cloud,
          mainiacjoe_overflow_small_starburst,
          hellmonk_ecumenical_altar_defaced_shrine, kennysheep_generic_room_10
D:4:      layout_rooms, hangedman_decor_points, minmay_vboxes

Skill      XL: |  1  2  3  4  5  6 |
---------------+-------------------+-----
Invocations    | 1 2 |  2.1
Short Blades   | 1 |  1.9
Long Blades    | 1 |  1.9
Maces & Flails | 1 |  1.9
Polearms       | 1 |  1.9
Staves         | 1 |  1.9
Slings         | 1 |  1.9
Bows           | 1 |  1.9
Crossbows      | 1 |  1.9
Throwing       | 1 |  1.9
Dodging        | 1 |  1.9
Stealth        | 1 |  1.9
Unarmed Combat | 1 |  1.9
Spellcasting   | 1 |  1.9
Evocations     | 1 |  1.9
Conjurations   | 1 |  1.5
Hexes          | 1 |  1.5
Summonings     | 1 |  1.5
Necromancy     | 1 |  1.5
Translocations | 1 |  1.5
Transmutations | 1 |  1.5
Fire Magic     | 1 |  1.5
Ice Magic      | 1 |  1.5
Air Magic      | 1 |  1.5
Earth Magic    | 1 |  1.5
Poison Magic   | 1 |  1.5
Axes           | 5 |  5.0
Fighting       | |  6.8
Armour         | |  6.8
Shields        | |  6.8

Action                   |  1- 3 |  4- 6 || total
-------------------------+-------+-------++-------
Melee: War axe           |    61 |    83 ||   144
       Bite              |     4 |     6 ||    10
       Dagger            |     1 |       ||     1
  Use: Potion            |     1 |     3 ||     4
       Scroll            |     3 |     4 ||     7
Armor: Scale mail        |    19 |       ||    19
       Plate armour      |    19 |    55 ||    74
Dodge: Dodged            |    15 |    21 ||    36
Block: Buckler           |    22 |    23 ||    45
